 Dungeon Crawl Stone Soup version 0.20-a0-303-g575bbf7 (webtiles) character file.

9401 Duffy the Carver (level 11, -4/75 HPs)
             Began as a Halfling Fighter on Dec 17, 2016.
             Was a Priest of Cheibriados.
             Slain by a cyclops (14 damage)
             ... on level 9 of the Dungeon.
             The game lasted 00:16:10 (11509 turns).

Duffy the Carver (Halfling Fighter)                Turns: 11509, Time: 00:16:11

Health: -4/75      AC: 16    Str: 28    XL:     11   Next: 73%
Magic:  7/16       EV:  7    Int: 14    God:    Cheibriados [***...]
Gold:   543        SH: 13    Dex: 23    Spells: 10/10 levels left

rFire  . . .     SeeInvis .     a - +0 long sword
rCold  + . .     Gourm    .     I - +2 plate armour {rC+}
rNeg   + + .     Faith    .     c - +0 shield
rPois  .         Spirit   .     A - +0 helmet
rElec  .         Reflect  .     (no cloak)
rCorr  .         Harm     .     (no gloves)
MR     .....                    (no boots)
Stlth  ..........               (no amulet)
                                C - ring of positive energy
                                B - ring of positive energy

@: very slow
A: mutation resistance 1
a: Bend Time, Temporal Distortion, Renounce Religion


You were on level 9 of the Dungeon.
You worshipped Cheibriados.
Cheibriados was most pleased with you.
You were not hungry.

You visited 2 branches of the dungeon, and saw 10 of its levels.
You also visited: Ossuary.

You collected 579 gold pieces.
You spent 36 gold pieces at shops.

Inventory:

Hand Weapons
 a - a +0 long sword (weapon)
 g - a +2 short sword of electrocution
Armour
 c - a +0 shield (worn)
 A - a +0 helmet (worn)
 I - a +2 plate armour of cold resistance (worn)
Jewellery
 w - an uncursed ring of see invisible
 B - a ring of positive energy (left hand)
 C - a ring of positive energy (right hand)
 G - an uncursed ring of protection from fire
Wands
 d - a wand of heal wounds (0/9)
 y - a wand of flame (20/48)
 F - a wand of polymorph (14/24)
Scrolls
 b - a scroll of teleportation
 j - a scroll of recharging {unknown}
 l - a scroll of immolation {unknown}
 m - a scroll of enchant armour
 n - 3 scrolls of fear
 q - 2 scrolls of remove curse
 t - 2 scrolls of magic mapping
 u - a scroll of blinking
 D - a scroll of torment {unknown}
 E - a scroll of enchant weapon
Potions
 e - a potion of agility
 h - a potion of lignification {unknown}
 k - 3 potions of curing
 p - 3 potions of flight
 v - a potion of might
 x - a potion of invisibility {unknown}
 z - a potion of resistance
Comestibles
 f - 8 bread rations
 i - 3 slices of pizza
 r - 6 meat rations
 s - 2 beef jerkies


   Skills:
 - Level 7.0 Fighting
 - Level 12.0 Long Blades
 + Level 6.6 Armour
 + Level 8.2 Shields
 + Level 7.2 Invocations


You had 10 spell levels left.
You didn't know any spells.

Dungeon Overview and Level Annotations

Branches:
Dungeon (9/15)             Temple (1/1) D:4
   Lair: D:8-11         Orc: D:9-12

Altars:
Ashenzari
Cheibriados
Dithmenos
Elyvilon
Fedhas
Gozag
Hepliaklqana
Kikubaaqudgha
Makhleb
Nemelex Xobeh
Okawaru
Qazlal
Ru
Sif Muna
Trog
Uskayaw
Vehumet
Xom
Yredelemnul
Zin
The Shining One

Shops:
D:4 *


Innate Abilities, Weirdness & Mutations

You are small and have problems with some larger weapons.
You are somewhat resistant to further mutation.


Message History

You block the cyclops's attack.
You completely miss the cyclops.
The cyclops is almost dead.
You block the cyclops's attack.
You hit the cyclops but do no damage.
The cyclops is almost dead.
Your shield and plate armour prevent you from hitting the cyclops.
The cyclops is almost dead.
The cyclops hits you!
You hit the cyclops but do no damage.
The cyclops is severely wounded.
The cyclops hits you!
You feel much better.
You slash the cyclops!
The cyclops is almost dead.
The cyclops hits you!!
You hit the cyclops.
The cyclops is almost dead.
The cyclops hits you!
You die...

#..# #..# #.[#.....#.# #..#
#..# #..# #.(#.....#.# #..#
#..# #.)# #[(#.....#.# #..#
#..# #.<# #.(#.....#.# #...
#..####..# #=(# #.###.#####...
#........# #)(# #)##.........#
#........# #.(# #............#
#..####..# #..# ####..#####..#
#..# #..# #.@# #.(#####..#
#..####..####.C######.~~~~~~~~~
#.....................~##~~~##~
#.....................~#######~
######################~~#...#~~
#~~#...'.. #~~#[..#~~
#~#######~ ~# #~


You could see a cyclops.

Vanquished Creatures
  3 two-headed ogres
  A kobold demonologist (D:9)
  A troll (D:9)
  Prince Ribbit (D:6)
  5 hippogriffs
  Sigmund (D:6)
  8 spriggans (D:8)
  Eustachio (Temple)
  2 water moccasins
  5 ice beasts
  4 sky beasts
  6 phantoms
  3 ogres
  3 centaurs
  5 big kobolds (D:9)
  4 bullfrogs
  A gnoll sergeant (D:6)
  4 scorpions
  2 electric eels (D:9)
  4 crimson imps
  A centaur zombie (D:8)
  A quasit (D:8)
  A bullfrog zombie (D:8)
  2 hounds
  2 jellies
  2 human zombies (Ossuary)
  3 orc priests
  A bullfrog skeleton (D:5)
  Terence (D:2)
  5 orc wizards
  8 worker ants
  A killer bee zombie (D:8)
  3 hound skeletons
  2 mummies (Ossuary)
  A worker ant zombie (D:6)
  15 gnolls
  8 adders
  2 shadow imps
  2 oozes (D:2)
  5 adder zombies (Ossuary)
  An adder skeleton (D:4)
  2 worms
  2 leopard geckos
  40 orcs
  5 giant cockroaches
  8 goblins
  6 hobgoblins
  7 jackals (D:3)
  2 quokkas
  4 ball pythons
  5 bats
  3 frilled lizards
  2 goblin zombies (Ossuary)
  8 hobgoblin zombies (Ossuary)
  A jackal zombie (Ossuary)
  9 kobolds
  7 kobold zombies (Ossuary)
  11 orc zombies (Ossuary)
  12 rats
  A rat zombie (Ossuary)
266 creatures vanquished.

Notes
Turn   | Place    | Note
-------+----------+-------------------------------------------
     0 | D:1      | Duffy the Halfling Fighter began the quest for the Orb.
     0 | D:1      | Reached XP level 1. HP: 15/15 MP: 1/1
    98 | D:1      | Reached XP level 2. HP: 20/20 MP: 2/2
   300 | D:1      | Reached XP level 3. HP: 25/25 MP: 3/3
   316 | D:1      | Reached skill level 4 in Shields
   606 | D:2      | Reached skill level 3 in Long Blades
   655 | D:2      | Reached XP level 4. HP: 30/30 MP: 4/4
   811 | D:2      | Found a radiant altar of Vehumet.
   815 | D:2      | Found a hide-covered altar of Uskayaw.
  1168 | D:3      | Reached XP level 5. HP: 29/35 MP: 5/5
  1182 | D:2      | Reached skill level 4 in Long Blades
  1368 | D:2      | Reached skill level 5 in Shields
  1468 | D:2      | Found a basalt altar of Yredelemnul.
  1468 | D:2      | Found a glowing golden altar of the Shining One.
  1477 | D:2      | Noticed a profane servitor
  1674 | D:2      | Noticed an angel
  2121 | D:3      | Noticed Terence
  2159 | D:2      | Killed Terence
  2159 | D:2      | Reached XP level 6. HP: 35/41 MP: 6/6
  3049 | D:4      | Found Ziemno's General Store.
  3060 | D:4      | Bought a scroll of identify for 24 gold pieces
  3060 | D:4      | Bought a scroll of random uselessness for 12 gold pieces
  3183 | D:4      | Found a staircase to the Ecumenical Temple.
  3192 | Temple   | Entered the Ecumenical Temple
  3287 | Temple   | Became a worshipper of Cheibriados the Contemplative
  3379 | D:4      | Noticed Eustachio
  3540 | Temple   | Killed Eustachio
  3540 | Temple   | Reached skill level 5 in Long Blades
  3540 | Temple   | Reached skill level 6 in Shields
  3540 | Temple   | Reached XP level 7. HP: 27/45 MP: 7/7
  3691 | D:4      | Reached skill level 4 in Armour
  4044 | D:4      | Found a snail-covered altar of Cheibriados.
  4695 | D:5      | Entered Level 5 of the Dungeon
  4728 | D:5      | Noticed a water moccasin
  4737 | D:5      | Killed a water moccasin
  4737 | D:5      | Reached XP level 8. HP: 30/51 MP: 8/8
  4936 | D:5      | Found a shattered altar of Ashenzari.
  4944 | D:5      | Reached skill level 6 in Long Blades
  4944 | D:5      | Reached skill level 5 in Armour
  4944 | D:5      | Reached skill level 7 in Shields
  4963 | D:5      | Found a sand-covered staircase.
  5023 | Ossuary  | Entered an ossuary
  5076 | Ossuary  | Reached * piety under Cheibriados
  5600 | D:5      | Found a burning altar of Makhleb.
  5935 | D:5      | Reached ** piety under Cheibriados
  6346 | D:6      | Reached skill level 6 in Armour
  6409 | D:6      | Reached skill level 7 in Long Blades
  6409 | D:6      | Reached XP level 9. HP: 55/55 MP: 9/9
  6562 | D:6      | Noticed Sigmund
  6573 | D:6      | Killed Sigmund
  6573 | D:6      | Reached skill level 8 in Shields
  6814 | D:6      | Reached skill level 3 in Fighting
  6856 | D:6      | Noticed Prince Ribbit
  6869 | D:6      | Killed Prince Ribbit
  7202 | D:7      | Reached skill level 4 in Fighting
  7202 | D:7      | Reached skill level 8 in Long Blades
  7719 | D:7      | Noticed a hippogriff
  7727 | D:7      | Killed a hippogriff
  7727 | D:7      | Reached *** piety under Cheibriados
  8128 | D:7      | Reached skill level 5 in Fighting
  8359 | D:7      | Reached XP level 10. HP: 66/66 MP: 10/10
  8505 | D:8      | Reached skill level 9 in Long Blades
  8692 | D:8      | Reached skill level 6 in Fighting
  8850 | D:8      | Noticed a two-headed ogre
  8856 | D:8      | Killed a two-headed ogre
  8856 | D:8      | Reached skill level 10 in Long Blades
  9038 | D:8      | Reached skill level 7 in Fighting
  9117 | D:8      | Reached skill level 1 in Invocations
  9187 | D:8      | Reached **** piety under Cheibriados
  9211 | D:8      | Reached skill level 2 in Invocations
  9549 | D:8      | Reached skill level 3 in Invocations
  9549 | D:8      | Reached XP level 11. HP: 67/75 MP: 13/13
  9699 | D:8      | Reached skill level 11 in Long Blades
  9699 | D:8      | Reached skill level 4 in Invocations
 10458 | D:9      | Noticed a two-headed ogre
 10467 | D:9      | Killed a two-headed ogre
 10467 | D:9      | Reached skill level 5 in Invocations
 10475 | D:9      | Reached skill level 6 in Invocations
 10704 | D:9      | Noticed a two-headed ogre
 10714 | D:9      | Killed a two-headed ogre
 11088 | D:9      | Reached skill level 7 in Invocations
 11118 | D:9      | Reached skill level 12 in Long Blades
 11485 | D:9      | Noticed a cyclops
 11506 | D:9      | HP: 3/75 [cyclops (13)]
 11509 | D:9      | Slain by a cyclops

Vault maps used:
D:1:      eino_arrival_water_star
D:2:      grunt_temple_overflow_holy_war,
          chequers_temple_overflow_statue_of_worship
D:3:      uniq_terence
D:4:      serial_shops, shop_statue, chei_slow_surprise, uniq_eustachio
D:5:      grunt_temple_overflow_open, first_bread, enter_ossuary_5
D:6:      uniq_prince_ribbit1, uniq_sigmund
D:8:      kb_forest_paths
D:9:      serial_shops, shop, special_room, david_nohive_1, lightli_minifort
Temple:   regret_index_temple_waves
Ossuary:  ossuary_tomb_1

Skill      XL: |  1  2  3  4  5  6  7  8  9 10 11 |
---------------+----------------------------------+-----
Shields        | 4 5 6 7 8 |  8.2
Long Blades    | 3 4 5 7 8 10 12 | 12.0
Armour         | 4 6 |  6.6
Fighting       | 5 7 |  7.0
Invocations    | 3 7 |  7.2

Action                   |  1- 3 |  4- 6 |  7- 9 | 10-12 || total
-------------------------+-------+-------+-------+-------++-------
Melee: Long sword        |    69 |   237 |   552 |   453 ||  1311
Invok: Slouch            |       |       |       |     4 ||     4
Evoke: Wand              |       |     1 |     1 |     7 ||     9
  Use: Potion            |       |     1 |     4 |     3 ||     8
       Scroll            |       |     7 |     8 |     4 ||    19
  Eat: Chunk             |       |     9 |    11 |     4 ||    24
       Royal jelly       |       |       |       |     1 ||     1
Armor: Scale mail        |    28 |    84 |    11 |       ||   123
       Chain mail        |       |       |   130 |       ||   130
       Plate armour      |       |       |    72 |   161 ||   233
Dodge: Dodged            |    24 |   109 |   123 |    90 ||   346
Block: Shield            |    32 |   203 |   313 |   247 ||   795
       Rpst.: Long sword |     6 |    43 |    35 |    19 ||   103
